Map: Abyssal Reef LE

Players

Dayshi - Winner!

  • Race: Terran Terran
  • Spawn Location: 5:00

PiLiPiLi

  • Race: Protoss Protoss
  • Spawn Location: 11:00

Event: IEM XI Katowice - World Championship 2017

VOD

Have the link to the VOD?

Description

Time

  • Played on: Feb. 27, 2017, 12:53 p.m.
  • Length: 13:32

All games in this series

Show
View Real Time Build Order
Export as new Build Order

Dayshi Terran - Winner!

Build Orders: Cyclone Opening, Reaper Expand, MMM Bio 

Get SALT Encoding   

  12  0:00  SCV  
  13  0:12  SCV  
  14  0:17  Supply Depot  
  14  0:24  SCV  
  14  0:28  Refinery  
  15  0:38  SCV  
  16  0:45  Barracks  
  16  0:50  SCV  
  17  1:03  SCV  
  18  1:15  SCV  
  19  1:32  Reaper, Orbital Command  
  20  1:44  Command Center  
  20  1:53  Factory  
  20  1:57  SCV  
  21  2:05  Barracks Reactor  
  21  2:08  Supply Depot  
  21  2:10  SCV  
  21  2:15  Refinery  
  22  2:22  SCV  
  23  2:34  SCV  
  24  2:41  Cyclone  
  24  2:42  Marine x2  
  29  2:46  SCV  
  30  2:56  Orbital Command  
  30  2:58  SCV  
  30  3:00  Marine, Starport  
  30  3:02  Marine  
  33  3:11  SCV  
  34  3:18  Cyclone  
  34  3:19  Marine  
  38  3:20  Marine  
  38  3:24  SCV  
  38  3:25  SCV  
  41  3:29  Supply Depot  
  40  3:36  Medivac  
  40  3:37  SCV x2  
  40  3:39  Marine  
  40  3:40  Marine  
  46  3:51  Factory Tech Lab, SCV x2  
  46  3:52  Supply Depot  
  48  4:00  Marine x2  
  50  4:03  SCV x2  
  50  4:06  Viking  
  54  4:15  SCV x2, Barracks  
  56  4:19  Siege Tank  
  56  4:20  Supply Depot  
  56  4:22  Marine  
  56  4:23  Marine  
  61  4:28  SCV  
  62  4:32  Barracks  
  62  4:42  SCV x2  
  63  4:48  Marine  
  63  4:49  Marine  
  63  4:52  Siege Tank  
  61  4:54  SCV x2  
  54  5:06  Liberator, SCV x2  
  52  5:09  Marine  
  52  5:10  Marine  
  50  5:18  SCV x2  
  50  5:19  Command Center  
  52  5:22  Engineering Bay, Refinery  
  55  5:29  Marine x3  
  55  5:30  Stimpack  
  55  5:32  Barracks Tech Lab  
  55  5:33  SCV x2  
  60  5:38  Supply Depot  
  60  5:45  SCV x2  
  60  5:47  Missile Turret  
  60  5:48  Marine x2  
  60  5:49  Terran Infantry Weapons Level 1  
  64  5:50  Marine  
  64  5:51  Marine  
  66  5:57  SCV  
  66  5:58  SCV, Refinery  
  66  6:00  Factory Reactor  
  68  6:05  Supply Depot  
  68  6:06  Marine, Reaper  
  68  6:07  Marine, Starport Reactor  
  68  6:09  Marine  
  68  6:10  SCV  
  73  6:12  SCV  
  70  6:22  SCV  
  70  6:24  Marine, SCV  
  70  6:25  Marine  
  73  6:26  Marine  
  73  6:30  Combat Shields  
  73  6:32  Orbital Command  
  75  6:38  Marine, Barracks  
  76  6:43  Marine x2  
  76  6:45  Medivac  
  76  6:46  Medivac  
  76  6:47  Barracks  
  82  6:48  Widow Mine  
  82  6:50  Orbital Command  
  82  6:51  Widow Mine  
  82  6:53  Marauder  
  88  6:55  SCV  
  88  6:56  Marine  
  88  6:58  SCV  
  91  7:02  Marine  
  91  7:03  Marauder  
  94  7:08  Bunker  
  94  7:10  SCV x2  
  94  7:14  Marauder  
  98  7:21  SCV  
  98  7:22  SCV x2  
  97  7:24  Marauder  
  97  7:30  Marine  
  97  7:34  SCV x2  
  97  7:36  Marauder, SCV  
  100  7:39  Marine  
  100  7:41  Barracks Tech Lab, Barracks Reactor  
  101  7:45  Supply Depot  
  101  7:46  Terran Infantry Armor Level 1  
  101  7:47  Supply Depot, Marauder, SCV  
  101  7:48  SCV x2  
  106  7:52  Medivac  
  108  7:59  Supply Depot  
  108  8:00  SCV  
  109  8:06  Marine, Widow Mine  
  109  8:07  Marauder, Medivac  
  109  8:08  Widow Mine  
  109  8:11  Supply Depot  
  118  8:14  Supply Depot  
  118  8:17  Marauder  
  118  8:18  Marine  
  121  8:20  Marine  
  121  8:21  Marine  
  123  8:31  Marauder x2  
  128  8:35  SCV  
  128  8:36  SCV x2  
  128  8:40  Marine, Missile Turret  
  128  8:41  Marine, Marauder  
  134  8:42  Medivac  
  134  8:43  Medivac  
  134  8:48  Marine x2, SCV  
  139  8:52  Widow Mine  
  139  8:53  Marauder x2  
  139  8:54  Widow Mine  
  147  8:57  SCV  
  147  8:58  Supply Depot  
  147  9:00  SCV  
  149  9:09  Marine  
  149  9:12  Marine x2  
  149  9:13  Marine, Marauder  
  149  9:14  Medivac  
  149  9:19  Marine  
  149  9:20  Marauder, Medivac  
  154  9:27  Marine  
  154  9:30  Marine  
  156  9:37  Marine  
  157  9:40  Marauder  
  157  9:43  Marauder x2  
  157  9:44  Marine  
  155  9:48  Marine x2  
  155  9:55  Medivac  
  155  9:58  Supply Depot  
  157  10:00  Armory, SCV x2, Medivac  
  157  10:01  Marauder, Engineering Bay, SCV  
  157  10:03  Marine, Refinery, Supply Depot  
  157  10:04  Refinery  
  165  10:10  Marauder  
  165  10:11  Marine, Marauder  
  165  10:13  Marine  
  165  10:14  Marine  
  165  10:20  Liberator x2  
  165  10:21  Marine  
  157  10:22  Marauder  
  155  10:29  Marine  
  155  10:32  Marine, Marauder x2  
  154  10:40  Marine x2  
  160  10:44  Marauder  
  160  10:47  Marine  
  160  10:48  Terran Infantry Weapons Level 2  
  160  10:49  Marine  
  163  10:51  Terran Infantry Armor Level 2  
  163  10:53  Marauder  
  163  10:54  Marauder  
  168  10:58  Marine  
  168  11:00  Marine  
  161  11:05  Marauder  
  161  11:06  Marine  
  161  11:07  Marine  
  147  11:14  Marauder  
  147  11:15  Liberator x2  
  130  11:19  Marine  
  130  11:20  Marine, Marauder  
  130  11:24  Marine  
  124  11:26  Marauder  
  124  11:29  Marine  
  111  11:36  Marauder  
  111  11:37  Marine x2  
  119  11:41  Marauder  
  119  11:42  Marine  
  119  11:44  Widow Mine x2  
  119  11:47  Marine x2  
  127  11:55  Marine x2  
  127  11:57  Marauder  
  127  11:58  Liberator x2  
  127  12:00  Marine  
  132  12:03  Marauder  
  132  12:04  Marine  
  132  12:06  Marauder  
  132  12:07  Orbital Command  
  136  12:13  Marine  
  136  12:14  Marine  
  137  12:16  Widow Mine x2  
  137  12:18  Marine  
  137  12:19  Marauder  
  137  12:22  Marine  
  150  12:24  Marauder  
  150  12:27  Marauder  
  147  12:31  Marine  
  147  12:32  Marine  
  147  12:40  Marauder  
  147  12:43  Marine  
  147  12:44  Marine  
  148  12:46  Marauder  
  148  12:48  Marauder  
  148  12:49  Marine  
  148  12:50  Marine, Widow Mine  
  131  13:00  Marine  
  131  13:01  Marauder  
  131  13:02  Marine  
  139  13:07  Marine, Marauder  
  139  13:08  Marine, Refinery x2  
  139  13:10  Marauder  
  130  13:29  Missile Turret  
Show
View Real Time Build Order
Export as new Build Order

PiLiPiLi Protoss 

Build Orders: 1 Gate Expand 

Get SALT Encoding   

  12  0:01  Probe (Chrono Boost)  
  13  0:11  Probe (Chrono Boost)  
  14  0:17  Pylon  
  14  0:22  Probe (Chrono Boost)  
  15  0:36  Probe (Chrono Boost)  
  15  0:37  Gateway  
  16  0:44  Assimilator  
  16  0:46  Probe (Chrono Boost)  
  17  0:57  Probe (Chrono Boost)  
  18  1:08  Probe (Chrono Boost)  
  19  1:20  Nexus  
  19  1:23  Probe (Chrono Boost)  
  20  1:34  Cybernetics Core  
  20  1:37  Probe (Chrono Boost)  
  21  1:42  Assimilator  
  21  1:47  Probe (Chrono Boost)  
  21  1:52  Pylon  
  22  1:58  Probe (Chrono Boost)  
  23  2:04  Warp Gate  
  23  2:11  Mothership Core (Chrono Boost)  
  23  2:12  Adept  
  27  2:29  Probe (Chrono Boost)  
  28  2:32  Probe (Chrono Boost)  
  29  2:39  Probe (Chrono Boost)  
  29  2:41  Robotics Facility  
  29  2:43  Probe (Chrono Boost)  
  31  2:51  Probe (Chrono Boost)  
  32  2:55  Probe (Chrono Boost)  
  33  3:01  Probe (Chrono Boost)  
  33  3:04  Gateway  
  34  3:05  Gateway  
  34  3:08  Probe (Chrono Boost)  
  34  3:12  Probe (Chrono Boost)  
  37  3:20  Probe (Chrono Boost)  
  37  3:22  Probe (Chrono Boost), Gateway  
  38  3:27  Warp Prism  
  38  3:32  Probe (Chrono Boost)  
  42  3:34  Probe (Chrono Boost)  
  42  3:36  Pylon  
  42  3:43  Pylon  
  42  3:44  Probe (Chrono Boost)  
  42  3:46  Probe (Chrono Boost)  
  44  3:54  Pylon  
  45  3:56  Probe (Chrono Boost)  
  45  3:57  Probe (Chrono Boost)  
  45  4:01  Observer  
  46  4:03  Assimilator  
  46  4:06  Stalker x2  
  46  4:07  Stalker  
  53  4:13  Probe (Chrono Boost)  
  53  4:15  Probe (Chrono Boost)  
  55  4:18  Assimilator  
  55  4:20  Observer  
  57  4:24  Probe (Chrono Boost)  
  57  4:26  Pylon  
  57  4:28  Probe (Chrono Boost)  
  58  4:32  Pylon  
  58  4:34  Probe (Chrono Boost)  
  58  4:36  Adept x3  
  63  4:48  Probe (Chrono Boost)  
  63  4:50  Probe (Chrono Boost)  
  51  4:58  Probe (Chrono Boost), Stalker x2  
  51  5:02  Probe (Chrono Boost)  
  48  5:09  Probe (Chrono Boost)  
  44  5:14  Probe (Chrono Boost)  
  44  5:16  Twilight Council  
  44  5:19  Probe (Chrono Boost)  
  45  5:26  Probe (Chrono Boost)  
  46  5:30  Mothership Core (Chrono Boost)  
  48  5:38  Probe (Chrono Boost), Stalker  
  51  5:48  Probe x2 (Chrono Boost)  
  53  5:53  Dark Shrine  
  53  5:54  Adept  
  53  5:55  Blink, Adept  
  53  5:56  Adept  
  59  5:59  Probe (Chrono Boost)  
  59  6:02  Immortal  
  65  6:12  Probe (Chrono Boost)  
  65  6:16  Probe (Chrono Boost)  
  64  6:23  Stalker x2  
  64  6:24  Sentry, Probe (Chrono Boost)  
  71  6:42  Probe (Chrono Boost), Forge  
  71  6:43  Forge  
  71  6:44  Probe (Chrono Boost)  
  73  6:52  Pylon  
  73  6:53  Immortal  
  73  6:58  Probe (Chrono Boost)  
  79  7:01  Probe (Chrono Boost)  
  79  7:06  Dark Templar x2  
  83  7:10  Probe (Chrono Boost)  
  83  7:11  Pylon  
  80  7:34  Protoss Ground Armor Level 1  
  80  7:35  Protoss Ground Weapons Level 1, Stalker x2  
  80  7:36  Nexus  
  82  7:40  Immortal  
  82  7:43  Probe (Chrono Boost)  
  85  7:47  Stalker  
  85  7:51  Probe (Chrono Boost)  
  86  7:54  Resonating Glaives  
  86  7:55  Stalker  
  88  8:01  Pylon, Probe (Chrono Boost)  
  88  8:03  Probe (Chrono Boost)  
  91  8:13  Adept x3, Probe (Chrono Boost)  
  97  8:26  Probe (Chrono Boost), Immortal  
  99  8:28  Probe (Chrono Boost)  
  99  8:32  Pylon  
  103  8:40  Sentry x3  
  109  8:43  Pylon  
  109  8:47  Pylon  
  109  8:50  Adept  
  109  8:53  Gateway  
  109  8:55  Gateway  
  110  9:03  Dark Templar  
  112  9:12  Immortal  
  112  9:15  Stalker x3  
  122  9:21  Assimilator  
  119  9:40  Adept x4  
  119  9:42  Protoss Ground Weapons Level 2  
  119  9:43  Protoss Ground Armor Level 2  
  127  9:49  Observer  
  122  9:55  Pylon  
  122  9:58  Stalker  
  124  10:04  Photon Cannon  
  124  10:06  Photon Cannon  
  124  10:07  Observer  
  124  10:08  Adept x3  
  124  10:09  Adept  
  123  10:27  Adept  
  123  10:28  Adept x3  
  123  10:31  Observer  
  126  10:41  Assimilator  
  126  10:42  Gateway  
  126  10:46  Gateway, Stalker  
  128  10:50  Gateway  
  128  10:51  Pylon  
  128  10:53  Stalker  
  128  10:54  Stalker x2  
  128  10:55  Stalker x2  
  138  10:59  Pylon, Probe (Chrono Boost)  
  138  11:00  Probe (Chrono Boost)  
  102  11:27  Warp Prism  
  102  11:28  Stalker x6  
  109  11:40  Probe (Chrono Boost)  
  109  11:42  Nexus  
  109  11:43  Stalker x2  
  109  11:44  Pylon, Probe (Chrono Boost)  
  109  11:46  Probe (Chrono Boost)  
  115  11:58  Immortal  
  119  12:10  Stalker x6  
  119  12:11  Sentry x2  
  114  12:33  Sentry x4  
  114  12:34  Adept, Immortal  
  114  12:35  Adept x4  
  114  12:55  Adept x2  
  114  12:56  Adept x4  
  120  13:10  Adept  
  109  13:16  Adept x2  
  99  13:22  Adept  
  99  13:23  Adept  

Tags
 
Add a new tag
Caveats
  • Supply blocks, unpowered buildings, or Contaminate may cause inaccurate times.
  • Supply counts are checked every 10 seconds.